[Event "World Junior U20 Open 2018"]
[Site "Gebze"]
[Date "2018.09.14"]
[Round "10.38"]
[White "Muradli, Mahammad"]
[Black "Shailesh, Dravid"]
[Result "1/2-1/2"]
[ECO "E94"]
[WhiteElo "2407"]
[BlackElo "2325"]
[Annotator "ChessBase"]
[PlyCount "92"]
[EventDate "2018.09.05"]
[EventType "swiss"]
[EventCountry "TUR"]
[SourceTitle "playchess.com"]
[Source "ChessBase"]
[SourceQuality "1"]
[TimeControl "40/5400+30:1800+30"]

1. d4 Nf6 2. c4 g6 3. Nc3 Bg7 4. e4 d6 5. Be2 O-O 6. Be3 Na6 7. Nf3 e5 8. O-O Ng4 9. Bg5 f6 10. Bc1 c6 11. h3 Nh6 12. c5 Nf7 13. Bxa6 bxa6 14. Qb3 dxc5 15. dxe5 fxe5 16. Be3 Qf6 17. Ng5 Kh8 18. Nxf7+ Rxf7 19. Rad1 Be6 20. Qa4 Bd7 21. f3 Qh4 22. Qc4 Raf8 23. Qe2 Bh6 24. Bxh6 Qxh6 25. Na4 Qg5 26. Kh1 Qh5 27. Kh2 c4 28. Nc5 Bc8 29. Qf2 Qg5 30. Rd6 Rf6 31. Rfd1 Rf4 32. Rxc6 Bxh3 33. gxh3 Qh5 34. Qg2 Rxf3 35. Rd2 Qh6 36. Ne6 Rxh3+ 37. Qxh3 Qxd2+ 38. Qg2 Qh6+ 39. Qh3 Qd2+ 40. Qg2 Qh6+ 41. Kg3 Qe3+ 42. Kh4 Qh6+ 43. Kg4 Rf4+ 44. Nxf4 Qxf4+ 45. Kh3 Qh6+ 46. Kg3 Qf4+ 1/2-1/2

[Event "World Junior U20 Open 2018"]
[Site "Gebze"]
[Date "2018.09.14"]
[Round "10.41"]
[White "Dobrovoljc, Vid"]
[Black "Secheres, Adrian-Simion"]
[Result "1/2-1/2"]
[ECO "E71"]
[WhiteElo "2316"]
[BlackElo "2408"]
[Annotator "NA"]
[PlyCount "82"]
[EventDate "2018.09.05"]
[EventType "swiss"]
[EventCountry "TUR"]
[SourceTitle "playchess.com"]
[Source "ChessBase"]
[SourceQuality "1"]
[TimeControl "40/5400+30:1800+30"]

1. d4 Nf6 2. c4 g6 3. Nc3 Bg7 4. e4 d6 5. h3 O-O 6. Be3 e5 7. d5 a5 8. g4 {E71: King's Indian: 4 e4 d6 5 h3} Na6 9. Nge2 c6 10. Ng3 cxd5 (10... Nc5 11. g5 Nfd7 12. h4 cxd5 13. Nxd5 Nb6 14. Nc3 Be6 15. b3 a4 {1-0 (36) Ding,L (2777)-Amonatov,F (2636) Riadh 2017}) 11. cxd5 Bd7 12. Be2 Nc5 13. h4 a4 14. f3 Qa5 15. Qd2 Rfc8 16. Rb1 $146 b5 17. h5 b4 18. Nd1 Bb5 19. Bxb5 Qxb5 20. Qe2 Qb7 21. Rc1 a3 22. Bxc5 axb2 23. Qxb2 Rxc5 24. Rxc5 dxc5 25. g5 Ne8 26. Ne3 Ra3 27. Qe2 Qa7 $19 28. Rh2 Nd6 29. Rf2 Rc3 30. Nd1 Rc4 31. Nf1 Rd4 32. Nfe3 Qa5 33. Kf1 c4 34. Nc2 Rd3 35. Nb2 Rc3 36. Nd1 Rd3 37. Nb2 Qb5 38. Kg2 Rc3 39. Nd1 Rd3 40. Nb2 Rc3 41. Nd1 Rd3 1/2-1/2

[Event "World Junior U20 Open 2018"]
[Site "Gebze"]
[Date "2018.09.14"]
[Round "10.42"]
[White "Agdelen, Huseyin Can"]
[Black "Garayev, Kanan"]
[Result "0-1"]
[ECO "C78"]
[WhiteElo "2280"]
[BlackElo "2404"]
[Annotator "ChessBase"]
[PlyCount "62"]
[EventDate "2018.09.05"]
[EventType "swiss"]
[EventCountry "TUR"]
[SourceTitle "playchess.com"]
[Source "ChessBase"]
[SourceQuality "1"]
[TimeControl "40/5400+30:1800+30"]

1. e4 e5 2. Nf3 Nc6 3. Bb5 a6 4. Ba4 Nf6 5. O-O b5 6. Bb3 Bc5 7. a4 Rb8 8. c3 d6 9. d4 Bb6 10. a5 Ba7 11. h3 O-O 12. Be3 Ra8 13. Nbd2 h6 14. Re1 Bb7 15. dxe5 Nxe5 16. Nxe5 dxe5 17. Bxa7 Rxa7 18. Qe2 c5 19. Qe3 Ra8 20. Bc2 Qe7 21. Nf1 Nh5 22. Red1 Nf4 23. Kh2 h5 24. Ng3 Qg5 25. Rg1 Rad8 26. Rad1 Rxd1 27. Bxd1 Rd8 28. Bxh5 Rd3 29. Qc1 Rd6 30. Be2 Rh6 31. Bf1 Nxh3 0-1

[Event "World Junior U20 Open 2018"]
[Site "Gebze"]
[Date "2018.09.14"]
[Round "10.43"]
[White "Nikolovski, Nikola"]
[Black "Suleymenov, Alisher"]
[Result "1/2-1/2"]
[ECO "B61"]
[WhiteElo "2388"]
[BlackElo "2307"]
[Annotator "NA"]
[PlyCount "99"]
[EventDate "2018.09.05"]
[EventType "swiss"]
[EventCountry "TUR"]
[SourceTitle "playchess.com"]
[Source "ChessBase"]
[SourceQuality "1"]
[TimeControl "40/5400+30:1800+30"]

1. e4 c5 2. Nf3 Nc6 3. d4 cxd4 4. Nxd4 Nf6 5. Nc3 d6 6. Bg5 Bd7 7. Qd2 Rc8 8. O-O-O Nxd4 9. Qxd4 Qa5 10. Bd2 a6 11. Kb1 Qc5 12. Qxc5 {B61: Sicilian: Richter-Rauzer: 6...Bd7 7 Qd2} Rxc5 13. Be3 Rc8 14. f3 g6 15. Bd4 Bg7 {[%emt 0:00:30] [#]} 16. Be2 $146 ({Predecessor:} 16. Nd5 e5 17. Nxf6+ Bxf6 18. Bc3 Rc6 19. h4 h5 {½-½ (34) Dominguez Perez,L (2658)-Dreev,A (2705) Dos Hermanas 2005}) 16... O-O 17. g4 Be6 18. h4 Nd7 19. f4 Bxd4 20. Rxd4 f6 21. Nd1 h6 22. f5 Bf7 23. fxg6 Bxg6 24. Bc4+ Bf7 25. Bd5 Rc7 26. Ne3 Ne5 27. Rdd1 b5 28. a3 a5 29. Rh3 Kg7 30. Rf1 e6 31. Bb3 Re7 32. Rh2 Bg6 33. Rd2 Nf7 34. Rf4 Rc8 35. Kc1 Rc5 36. Rdf2 Re5 37. Rxf6 Rxe4 38. Kd2 a4 39. Ba2 d5 40. c3 d4 41. cxd4 Rxd4+ 42. Ke2 Bd3+ 43. Ke1 Rc7 44. Rxe6 Nd6 $14 (44... Rc1+ $1 $11 45. Kd2 Rc7) 45. Rd2 Rc5 46. Kf2 Nc4 47. Bxc4 bxc4 48. Rd1 Rf4+ 49. Kg3 Rf7 50. Rd2 1/2-1/2

[Event "World Junior U20 Open 2018"]
[Site "Gebze"]
[Date "2018.09.14"]
[Round "10.44"]
[White "Agibileg, Uurtsaikh"]
[Black "Ozer, Omer Faruk"]
[Result "1-0"]
[ECO "A88"]
[WhiteElo "2321"]
[BlackElo "2388"]
[Annotator "NA"]
[PlyCount "105"]
[EventDate "2018.09.05"]
[EventType "swiss"]
[EventCountry "TUR"]
[SourceTitle "playchess.com"]
[Source "ChessBase"]
[SourceQuality "1"]
[TimeControl "40/5400+30:1800+30"]

1. d4 f5 2. c4 Nf6 3. Nc3 g6 4. Nf3 Bg7 5. g3 O-O 6. Bg2 d6 7. O-O c6 8. Re1 Na6 9. Bf4 h6 10. e4 g5 11. Bd2 fxe4 12. Nxe4 Nxe4 13. Rxe4 Bf5 14. Re3 $14 Rf7 15. Bc3 Qb6 16. Qe1 Qc7 17. d5 c5 18. a3 Raf8 19. h4 Bxc3 20. Qxc3 Rg7 21. Rae1 Rff7 22. h5 Qc8 23. b4 Qf8 24. Nh2 g4 25. R1e2 b6 26. Be4 Nc7 27. bxc5 bxc5 28. Qe1 e5 29. dxe6 Re7 30. Bxf5 Qxf5 31. Re4 Qxh5 32. Rd2 Ne8 33. Qe2 Qg6 34. Nxg4 h5 35. Nh2 Nf6 36. Rh4 Ne8 37. Qxh5 Qxh5 38. Rxh5 Rxe6 39. Nf3 Rb7 40. Rhd5 Re4 41. Rg5+ Kf8 42. Rf5+ Kg8 43. Ng5 Rxc4 44. Re2 Ng7 45. Rf6 Rd4 46. Rg6 Kf8 47. Rh6 Kg8 48. Kg2 Rd3 49. Re1 Rb2 50. Rg6 Kf8 51. Re4 Rd4 52. Rf6+ Kg8 53. Re7 1-0

[Event "World Junior U20 Open 2018"]
[Site "Gebze"]
[Date "2018.09.14"]
[Round "10.45"]
[White "Agmanov, Zhandos"]
[Black "Petkov, Momchil"]
[Result "1/2-1/2"]
[ECO "B31"]
[WhiteElo "2379"]
[BlackElo "2163"]
[Annotator "NA"]
[PlyCount "85"]
[EventDate "2018.09.05"]
[EventType "swiss"]
[EventCountry "TUR"]
[SourceTitle "playchess.com"]
[Source "ChessBase"]
[SourceQuality "1"]
[TimeControl "40/5400+30:1800+30"]

1. e4 c5 2. Nf3 Nc6 3. Bb5 g6 4. O-O Bg7 5. Bxc6 dxc6 6. d3 Nf6 7. h3 O-O 8. Nc3 b6 9. Be3 e5 {B31: Sicilian: 2...Nc6 3 Bb5 g6} 10. Qd2 (10. a3 Qe7 11. Qb1 Nh5 12. b4 f5 13. bxc5 f4 14. Bd2 bxc5 15. Qb3+ Be6 {0-1 (39) Caruana,F (2820)-Carlsen,M (2862) Wijk aan Zee 2015 CBM 165 [Stohl,I]}) 10... Qd6 11. Bh6 Ne8 12. Ne2 Nc7 13. Nh2 {[%emt 0:40:30] [#]} Ne6 $146 ({Predecessor:} 13... Qf6 14. Bxg7 Qxg7 15. c3 Ba6 16. Rad1 Rad8 17. Qe3 f5 18. f4 exf4 19. Nxf4 Rfe8 20. Qg3 fxe4 21. Ng4 Rf8 22. Rfe1 exd3 23. Nxd3 {½-½ (23) Zulfugarli,M (2430)-Guseinov,G (2527) Moscow 2002}) 14. Bxg7 Nxg7 15. f4 f5 16. fxe5 Qxe5 17. Nc3 Qd4+ 18. Qf2 Be6 19. Nf3 Qxf2+ 20. Rxf2 fxe4 21. dxe4 Rad8 22. Rff1 Nh5 23. Ne5 Rd2 24. Rxf8+ Kxf8 25. Rf1+ Kg7 26. Rf2 Rd6 27. Nf3 h6 28. Kh2 g5 29. g3 Rd8 30. Ne5 Rd6 $11 31. Nd3 c4 32. Ne5 b5 33. Nf3 a5 34. a3 Rd8 35. Ne5 Rd6 36. Nf3 Rd8 37. e5 Rf8 38. Ne4 Bd5 39. Nd4 Rxf2+ 40. Nxf2 Kg6 41. c3 Ng7 42. g4 Ne8 43. Kg3 1/2-1/2

[Event "World Junior U20 Open 2018"]
[Site "Gebze"]
[Date "2018.09.14"]
[Round "10.46"]
[White "Philippe, Guillaume"]
[Black "Kamer, Kayra"]
[Result "1/2-1/2"]
[ECO "B33"]
[WhiteElo "2358"]
[BlackElo "2205"]
[Annotator "NA"]
[PlyCount "91"]
[EventDate "2018.09.05"]
[EventType "swiss"]
[EventCountry "TUR"]
[SourceTitle "playchess.com"]
[Source "ChessBase"]
[SourceQuality "1"]
[TimeControl "40/5400+30:1800+30"]

1. e4 c5 2. Nf3 e6 3. d4 cxd4 4. Nxd4 a6 5. Bd3 Bc5 6. Nb3 Be7 7. O-O Nc6 8. Nc3 Nf6 9. f4 d6 10. Qf3 Qc7 11. Be3 h5 {B33: Sizilianisch (Lasker/Pelikan/Sweschnikow-Variante)} (11... O-O 12. a4 b6 13. g4 Re8 14. g5 Nd7 15. Qg3 Bf8 16. h4 Nb4 17. h5 Nc5 18. Nxc5 bxc5 19. g6 d5 20. gxf7+ Qxf7 {0-1 (59) Van Foreest,J (2600)-Iturrizaga Bonelli,E (2662) Vlissingen 2017}) 12. h3 h4 13. Qf2 b6 14. a4 Nd7 $146 ({Vorgänger:} 14... Rb8 15. Nd4 Nh5 16. Ncb5 Qb7 17. Nxc6 Qxc6 18. Na7 Qc7 19. Nxc8 Qxc8 20. Bxb6 {1-0 (49) Peczely,S (2165)-Schneider,V (2266) Hungary 2013}) 15. Nd4 Nb4 16. Rac1 Bb7 17. f5 e5 18. Nb3 d5 19. exd5 Nxd5 20. Nxd5 Bxd5 21. c4 Bc6 22. c5 b5 23. axb5 axb5 24. Nd2 Qb7 25. b4 Ra4 26. Rb1 Nf6 27. Bc2 Ra2 28. Rfc1 Rh5 29. Qe2 Qa8 30. Nb3 Rxf5 31. Na5 Nd5 32. Bd2 Bg5 33. Bxf5 Be3+ 34. Kh1 Rxd2 35. Qh5 Nc3 (35... Nf4 $11 {bleibt in der Remisbreite.} 36. Qh8+ Ke7 37. Nxc6+ (37. Qxh4+ $2 f6 $19) 37... Qxc6 38. Qxg7 Nh5 39. Qxe5+ Kf8 40. Qb8+ (40. Be4 Qxe4 41. Qxe4 Ng3+ 42. Kh2 Nxe4 $15) 40... Kg7 41. Qe5+ Kf8) 36. Qh8+ Ke7 37. Nxc6+ Qxc6 38. Qxg7 Nxb1 39. Qxe5+ Kd8 40. Be4 Qd7 41. Bf3 Rxg2 42. Qf6+ Kc8 43. Qa6+ $11 Kd8 44. Qf6+ Kc8 45. Qa6+ Kd8 46. Qf6+ 1/2-1/2

[Event "World Junior U20 Open 2018"]
[Site "Gebze"]
[Date "2018.09.14"]
[Round "10.47"]
[White "Murzin, Volodar"]
[Black "Nyambileg, Erdene-Ochir"]
[Result "1-0"]
[ECO "C50"]
[WhiteElo "2349"]
[BlackElo "1798"]
[Annotator "ChessBase"]
[PlyCount "41"]
[EventDate "2018.09.05"]
[EventType "swiss"]
[EventCountry "TUR"]
[SourceTitle "playchess.com"]
[Source "ChessBase"]
[SourceQuality "1"]
[TimeControl "40/5400+30:1800+30"]

1. e4 e5 2. Nf3 Nc6 3. Bc4 Bc5 4. O-O Nf6 5. d3 O-O 6. a4 d5 7. exd5 Nxd5 8. Re1 Bg4 9. h3 Bh5 10. Nbd2 Nb6 11. Bb5 f6 12. Bxc6 bxc6 13. Ne4 Bd6 14. Ng3 Bf7 15. a5 Nd5 16. d4 exd4 17. Nxd4 Bxg3 18. fxg3 Qd7 19. Qf3 c5 20. Nf5 Bg6 21. Qxd5+ 1-0

[Event "World Junior U20 Open 2018"]
[Site "Gebze"]
[Date "2018.09.14"]
[Round "10.48"]
[White "Wong, Yinn Long"]
[Black "Galperin, Platon"]
[Result "1/2-1/2"]
[ECO "B48"]
[WhiteElo "2261"]
[BlackElo "2348"]
[Annotator "ChessBase"]
[PlyCount "80"]
[EventDate "2018.09.05"]
[EventType "swiss"]
[EventCountry "TUR"]
[SourceTitle "playchess.com"]
[Source "ChessBase"]
[SourceQuality "1"]
[TimeControl "40/5400+30:1800+30"]

1. e4 c5 2. Nf3 e6 3. d4 cxd4 4. Nxd4 Nc6 5. Nc3 Qc7 6. Be3 a6 7. Bd3 Nf6 8. O-O Bd6 9. f4 Nxd4 10. e5 Bc5 11. exf6 Nxc2 12. fxg7 Rg8 13. Qxc2 Bxe3+ 14. Kh1 Rxg7 15. Rae1 Bd4 16. f5 Bxc3 17. bxc3 b5 18. fxe6 dxe6 19. Qf2 Kf8 20. Be4 Rb8 21. Qf6 Bb7 22. Qxe6 Kg8 23. Qf6 Bxe4 24. Rxe4 Rg6 25. Qe7 Rb7 26. Qe8+ Kg7 27. Ref4 Qe7 28. Rxf7+ Qxf7 29. Rxf7+ Rxf7 30. Qe5+ Kg8 31. g3 h6 32. Kg2 Rgf6 33. h4 Rf2+ 34. Kh3 Kh7 35. Qe4+ Kg7 36. a4 R2f5 37. axb5 axb5 38. c4 bxc4 39. Qxc4 h5 40. Qd4+ Kh7 1/2-1/2

[Event "World Junior U20 Open 2018"]
[Site "Gebze"]
[Date "2018.09.14"]
[Round "10.51"]
[White "Nogerbek, Kazybek"]
[Black "Huber, Martin Christian"]
[Result "1-0"]
[ECO "B82"]
[WhiteElo "2261"]
[BlackElo "2390"]
[Annotator "NA"]
[PlyCount "109"]
[EventDate "2018.09.05"]
[EventType "swiss"]
[EventCountry "TUR"]
[SourceTitle "playchess.com"]
[Source "ChessBase"]
[SourceQuality "1"]
[TimeControl "40/5400+30:1800+30"]

1. e4 c5 2. Nf3 e6 3. d4 cxd4 4. Nxd4 Nc6 5. Nc3 Qc7 6. Be3 a6 7. a3 Nf6 8. f4 d6 9. Qf3 h5 10. O-O-O Bd7 11. h3 h4 12. Bd3 Rc8 13. Rhe1 Be7 14. Qf2 b5 $16 15. Nxc6 Bxc6 16. g4 hxg3 17. Qxg3 Qb7 18. e5 Nh5 19. Qf2 b4 20. axb4 Qxb4 21. exd6 Bxd6 22. Bd4 Bxf4+ 23. Kb1 O-O 24. Bc5 Qb7 25. Bxf8 Rxf8 26. Qh4 g6 27. Be4 Bg3 28. Bxc6 Qxc6 29. Qe4 Qb6 30. Rf1 f5 31. Qc4 Ng7 32. Rd7 Be5 33. Na4 Qe3 34. Qd3 Qxd3 35. cxd3 Rb8 36. d4 Bf6 37. Nc5 Rb6 38. Kc2 e5 39. dxe5 Bxe5 40. Nd3 Bf6 41. Ra1 Ne6 42. Ra7 Rc6+ 43. Kb1 Nc7 44. Nb4 Rc4 45. Nxa6 Nd5 46. Rd7 Rd4 47. Rb7 Nf4 48. Ra3 Nd3 49. Rc3 Rd8 50. Rc6 Bxb2 51. Rxg6+ Kf8 52. Nb8 Rxb8 53. Rxb8+ Kf7 54. Rd6 Be5 55. Rb7+ 1-0

[Event "World Junior U20 Open 2018"]
[Site "Gebze"]
[Date "2018.09.14"]
[Round "10.52"]
[White "Miciano, John Marvin"]
[Black "Noboa, Kevin"]
[Result "0-1"]
[ECO "C11"]
[WhiteElo "2374"]
[BlackElo "2256"]
[Annotator "ChessBase"]
[PlyCount "66"]
[EventDate "2018.09.05"]
[EventType "swiss"]
[EventCountry "TUR"]
[SourceTitle "playchess.com"]
[Source "ChessBase"]
[SourceQuality "1"]
[TimeControl "40/5400+30:1800+30"]

1. e4 e6 2. d4 d5 3. Nc3 Nf6 4. e5 Nfd7 5. f4 c5 6. Nf3 Be7 7. Be3 b6 8. Qd2 O-O 9. O-O-O c4 10. f5 b5 11. Bg5 b4 12. Bxe7 Qxe7 13. Nb5 Nc6 14. b3 c3 15. Qe3 a5 16. Bd3 a4 17. Kb1 axb3 18. cxb3 exf5 19. h3 Nf6 20. g4 Ne4 21. Rhg1 fxg4 22. Bxe4 dxe4 23. Ng5 Bf5 24. hxg4 c2+ 25. Kxc2 Rxa2+ 26. Kb1 Rfa8 27. Rc1 Bg6 28. Rge1 h6 29. Nxe4 Qe6 30. Nbd6 Nxd4 31. Rc8+ Qxc8 32. Nxc8 Ra1+ 33. Kb2 R8a2# 0-1

[Event "World Junior U20 Open 2018"]
[Site "Gebze"]
[Date "2018.09.14"]
[Round "10.53"]
[White "Arcuti, Davide"]
[Black "Erdogan, Anil Berk"]
[Result "1-0"]
[ECO "A61"]
[WhiteElo "2356"]
[BlackElo "2083"]
[Annotator "ChessBase"]
[PlyCount "79"]
[EventDate "2018.09.05"]
[EventType "swiss"]
[EventCountry "TUR"]
[SourceTitle "playchess.com"]
[Source "ChessBase"]
[SourceQuality "1"]
[TimeControl "40/5400+30:1800+30"]

1. d4 Nf6 2. c4 c5 3. d5 e6 4. Nc3 exd5 5. cxd5 d6 6. Nf3 g6 7. Bf4 a6 8. a4 Bg7 9. h3 O-O 10. e3 Ne8 11. Be2 Nd7 12. O-O Rb8 13. Qb3 Qe7 14. Rfe1 h6 15. Nd2 g5 16. Bh2 Ne5 17. Bxa6 g4 18. hxg4 Nxg4 19. Bg3 Nef6 20. Be2 Nh5 21. Bxg4 Bxg4 22. Bh2 Kh8 23. Nc4 Qg5 24. Ne4 Qg6 25. Ng3 Rg8 26. Nxh5 Bxh5 27. Bg3 Rbe8 28. Nxd6 Re5 29. Nc4 Rg5 30. d6 Bf6 31. Qxb7 Rxg3 32. fxg3 Qxg3 33. Rf1 Be5 34. Nxe5 Qxe5 35. Qe7 Qd5 36. Rf2 Bg4 37. Qxf7 Be6 38. Qf4 Rg6 39. a5 Bh3 40. Qf8+ 1-0

[Event "World Junior U20 Open 2018"]
[Site "Gebze"]
[Date "2018.09.14"]
[Round "10.54"]
[White "Rodrigue-Lemieux, Shawn"]
[Black "Nastase, Robert-Paul"]
[Result "1-0"]
[ECO "C05"]
[WhiteElo "2250"]
[BlackElo "2313"]
[Annotator "ChessBase"]
[PlyCount "103"]
[EventDate "2018.09.05"]
[EventType "swiss"]
[EventCountry "TUR"]
[SourceTitle "playchess.com"]
[Source "ChessBase"]
[SourceQuality "1"]
[TimeControl "40/5400+30:1800+30"]

1. e4 e6 2. d4 d5 3. Nd2 Nf6 4. e5 Nfd7 5. f4 c5 6. c3 Nc6 7. Ndf3 Qb6 8. g3 Be7 9. h4 a5 10. a3 cxd4 11. cxd4 h5 12. Ne2 Ndb8 13. Nc3 g6 14. Rh2 Bd7 15. Be3 Na7 16. Bd3 Qd8 17. Qc2 Rg8 18. Qe2 Bc6 19. Ng5 Qd7 20. g4 hxg4 21. Qxg4 Na6 22. Rg2 O-O-O 23. Nxf7 Bxh4+ 24. Qxh4 Qxf7 25. Kd2 b5 26. Rag1 Qb7 27. Rxg6 Rxg6 28. Rxg6 b4 29. axb4 Nxb4 30. Qf6 Nxd3 31. Kxd3 Qxb2 32. Qxe6+ Kb8 33. Bd2 Qb6 34. Ke3 a4 35. Nxa4 Qb1 36. Nc3 Qf1 37. Qg4 Bb5 38. Nxb5 Nxb5 39. Qe6 Nc7 40. Qb6+ Kc8 41. Ba5 Qc1+ 42. Ke2 Qc2+ 43. Kf3 Qd1+ 44. Kf2 Qc2+ 45. Kg3 Qd3+ 46. Kg4 Qe2+ 47. Kg5 Qg2+ 48. Kf6 Ne8+ 49. Ke7 Rd7+ 50. Kxe8 Re7+ 51. Kxe7 Qg5+ 52. Qf6 1-0

[Event "World Junior U20 Open 2018"]
[Site "Gebze"]
[Date "2018.09.14"]
[Round "10.55"]
[White "Milosevic, Milos"]
[Black "Daghan, Devran"]
[Result "1-0"]
[ECO "B23"]
[WhiteElo "2292"]
[BlackElo "2004"]
[Annotator "NA"]
[PlyCount "65"]
[EventDate "2018.09.05"]
[EventType "swiss"]
[EventCountry "TUR"]
[SourceTitle "playchess.com"]
[Source "ChessBase"]
[SourceQuality "1"]
[TimeControl "40/5400+30:1800+30"]

1. e4 c5 2. Nc3 Nc6 3. Bb5 g6 4. Bxc6 bxc6 5. f4 Bg7 6. Nf3 Nf6 7. O-O O-O 8. d3 d6 9. h3 {[%emt 0:01:30] B23: Closed Sicilian: Lines without g3} (9. Kh1 Bg4 10. Qe1 Bxf3 11. Rxf3 Rb8 12. b3 Nd7 13. f5 Ne5 14. Rf1 e6 15. Bd2 Kh8 16. Qg3 Qe7 {½-½ (41) Tiviakov,S (2591)-Lu,S (2640) Paramaribo 2017}) 9... Ne8 10. f5 $146 ({Predecessor:} 10. Be3 Rb8 11. Na4 Qa5 12. c3 Nc7 {½-½ (12) Silva (2367)-Manaenkov,V (2346) ICCF email 2010}) 10... gxf5 11. Qe1 fxe4 12. dxe4 Ba6 13. Rf2 Nc7 14. Kh1 Ne6 15. Nh2 Nd4 16. Nd1 Bc8 17. c3 Qa5 18. b4 cxb4 19. cxd4 Bxd4 20. Rb1 Bxf2 21. Qxf2 Qh5 22. Ne3 a5 23. Nhg4 Bxg4 24. Nxg4 f6 25. Rb3 $11 c5 26. Rf3 c4 27. Bh6 c3 28. Rg3 Kh8 29. e5 dxe5 30. Qf3 c2 31. Kh2 Qxh6 32. Nxh6 c1=Q 33. Nf7+ 1-0

[Event "World Junior U20 Open 2018"]
[Site "Gebze"]
[Date "2018.09.14"]
[Round "10.56"]
[White "Silva, David"]
[Black "Garidmagnai, Byambasuren"]
[Result "0-1"]
[ECO "A46"]
[WhiteElo "2223"]
[BlackElo "2287"]
[Annotator "NA"]
[PlyCount "94"]
[EventDate "2018.09.05"]
[EventType "swiss"]
[EventCountry "TUR"]
[SourceTitle "playchess.com"]
[Source "ChessBase"]
[SourceQuality "1"]
[TimeControl "40/5400+30:1800+30"]

1. Nf3 Nf6 2. g3 d6 3. d4 b5 {A46: 1 d4 Nf6 2 Nf3 e6: Torre, London and Colle Systems} (3... Nbd7 4. Bg2 e5 5. c4 c6 6. Nc3 e4 7. Nh4 d5 8. O-O Bb4 9. cxd5 cxd5 10. f3 Bxc3 11. bxc3 O-O 12. Ba3 Re8 13. Nf5 Nb6 14. Nd6 Nc4 15. Nxc4 dxc4 16. fxe4 Nxe4 {1-0 (34) Aronian,L (2767)-Grischuk,A (2766) Saint Louis 2018}) 4. Bg2 Bb7 5. O-O Nbd7 6. a4 b4 7. a5 Rb8 8. c4 $146 ({Predecessor:} 8. c3 e6 9. Qa4 Ba6 10. Re1 Bb5 11. Qc2 {½-½ (81) Sakharov,Y-Katalymov,B Moscow (Russia) 1967}) 8... bxc3 9. Nxc3 e6 10. Ne1 Bxg2 11. Nxg2 d5 12. Qd3 Bb4 13. Bf4 Nh5 14. Bd2 O-O 15. Na4 Bd6 16. Rfc1 Nhf6 17. Bf4 Ne4 18. Nc3 Bxf4 19. Nxf4 Nd6 20. Na4 Nc4 21. Qc3 c6 22. Nd3 Nxa5 23. Nac5 Nxc5 24. Nxc5 $11 Nc4 25. b3 Nd6 26. e3 Nb5 27. Qa5 Qd6 28. Ra2 f6 29. Rac2 e5 30. Nd3 Rb6 31. dxe5 fxe5 32. Nb4 Rc8 33. Rc5 Rc7 34. Na6 Rc8 35. Nb4 d4 36. Nd5 Rbb8 37. e4 Kh8 38. b4 d3 39. Qa6 d2 40. Rd1 Nd4 41. Nc3 Rf8 42. Kg2 Rxb4 43. Qa5 Rb2 44. Rc4 Qf6 45. f4 exf4 46. e5 f3+ 47. Kh1 Qf5 0-1

[Event "World Junior U20 Open 2018"]
[Site "Gebze"]
[Date "2018.09.14"]
[Round "10.57"]
[White "Sezdbekov, Ruslan"]
[Black "Cadilhac, Igor Tokuichi Kikuc"]
[Result "1/2-1/2"]
[ECO "B50"]
[WhiteElo "2160"]
[BlackElo "2286"]
[Annotator "ChessBase"]
[PlyCount "182"]
[EventDate "2018.09.05"]
[EventType "swiss"]
[EventCountry "TUR"]
[SourceTitle "playchess.com"]
[Source "ChessBase"]
[SourceQuality "1"]
[TimeControl "40/5400+30:1800+30"]

1. e4 c5 2. Nf3 d6 3. c3 Nf6 4. Be2 g6 5. O-O Bg7 6. Qc2 O-O 7. d4 Qc7 8. h3 cxd4 9. Nxd4 Nc6 10. Be3 d5 11. Nb5 Qb8 12. Nd2 dxe4 13. Nxe4 Nd5 14. Bc4 Nxe3 15. fxe3 Bf5 16. Nd4 Qe5 17. Bd3 Rac8 18. a3 Rfd8 19. Kh1 Bxe4 20. Bxe4 f5 21. Bxc6 bxc6 22. Rae1 Qg3 23. Nf3 Bh6 24. e4 Bf4 25. Rd1 Rf8 26. Rd7 Rc7 27. Rdd1 Kh8 28. b4 Bd6 29. Kg1 c5 30. Qd3 Rcc8 31. Rde1 fxe4 32. Rxe4 Rf4 33. Rxf4 Qxf4 34. Re1 Rf8 35. Qe4 Qg3 36. Rd1 Kg7 37. Qe3 Rf5 38. Qe4 Rf8 39. Qe3 Rf5 40. Qe4 Rf7 41. Qe3 cxb4 42. axb4 Rf4 43. Qf2 Rc4 44. Qxg3 Bxg3 45. Rd3 Rc8 46. Kf1 h5 47. Ke2 h4 48. Kd2 Kf6 49. Rd5 e5 50. Ra5 Rc7 51. Kd3 g5 52. b5 Bf2 53. b6 Bxb6 54. Rxe5 Rg7 55. Ke4 g4 56. Rf5+ Ke7 57. Nxh4 gxh3 58. gxh3 Rg1 59. Kd5 Rd1+ 60. Kc4 Ke6 61. Rf4 Rh1 62. Nf3 Bc7 63. Re4+ Kf5 64. Re7 Bb6 65. h4 Rh3 66. Nd4+ Kf6 67. Re6+ Kf7 68. Re4 Ba5 69. Rf4+ Ke8 70. Nf3 Bc7 71. Rf5 Kd7 72. Kd5 Bd8 73. h5 Rh1 74. Rf7+ Ke8 75. Rh7 Bf6 76. Ke6 Bxc3 77. Rxa7 Kf8 78. Rc7 Ba5 79. Rc5 Bb6 80. Rg5 Rf1 81. Ne5 Re1 82. Kf5 Bd4 83. Nf3 Rf1 84. Kg4 Bg7 85. Rg6 Rh1 86. Ng5 Rg1+ 87. Kf3 Rf1+ 88. Kg2 Rf5 89. Ne6+ Kf7 90. Nxg7 Rxh5 91. Rg4 Rh6 1/2-1/2

[Event "World Junior U20 Open 2018"]
[Site "Gebze"]
[Date "2018.09.14"]
[Round "10.58"]
[White "Ongut, Tamas Gunes"]
[Black "Amartuvshin, Ganzorig"]
[Result "0-1"]
[ECO "B48"]
[WhiteElo "2121"]
[BlackElo "2280"]
[Annotator "NA"]
[PlyCount "74"]
[EventDate "2018.09.05"]
[EventType "swiss"]
[EventCountry "TUR"]
[SourceTitle "playchess.com"]
[Source "ChessBase"]
[SourceQuality "1"]
[TimeControl "40/5400+30:1800+30"]

1. e4 c5 2. Nf3 e6 3. d4 cxd4 4. Nxd4 Nc6 5. Nc3 Qc7 6. Be3 a6 7. Qf3 d6 8. O-O-O Bd7 9. Qg3 Nf6 10. f3 Rc8 11. h4 b5 12. Nxc6 Bxc6 13. a3 Qb7 14. Kb1 $11 a5 15. Bd3 b4 16. axb4 axb4 17. Ne2 e5 18. Nc1 Be7 19. Nb3 Bd7 20. Qe1 O-O 21. Qe2 Ra8 22. g4 Be6 23. Bc4 d5 24. exd5 Nxd5 25. Bg5 Nc3+ 26. bxc3 bxc3 27. Qd3 Qb4 28. Bxe7 Qxe7 29. Bxe6 Qb4 30. Qd6 Qa4 31. Bxf7+ Rxf7 32. Qd8+ Rxd8 33. Rxd8+ Rf8 34. Rxf8+ Kxf8 35. Kc1 Qf4+ 36. Kb1 Qxf3 37. Rc1 e4 0-1

[Event "World Junior U20 Open 2018"]
[Site "Gebze"]
[Date "2018.09.14"]
[Round "10.59"]
[White "Kilic, Efe Mert"]
[Black "Liyanage, Ranindu Dilshan"]
[Result "0-1"]
[ECO "B90"]
[WhiteElo "2269"]
[BlackElo "1989"]
[Annotator "NA"]
[PlyCount "76"]
[EventDate "2018.09.05"]
[EventType "swiss"]
[EventCountry "TUR"]
[SourceTitle "playchess.com"]
[Source "ChessBase"]
[SourceQuality "1"]
[TimeControl "40/5400+30:1800+30"]

1. e4 c5 2. Nf3 d6 3. d4 cxd4 4. Nxd4 Nf6 5. Nc3 a6 6. Be3 e5 7. Nf3 Nc6 8. Bc4 Na5 9. Be2 Be6 10. Nd5 Bxd5 11. exd5 Qc7 12. b3 e4 13. Ng5 h6 14. Nh3 Nxd5 15. Qxd5 Qc3+ 16. Bd2 Qxa1+ 17. Bd1 Nc6 18. c3 Qxa2 19. O-O Be7 20. Nf4 O-O 21. Nh5 Rfe8 22. Bf4 Qa5 23. Qxe4 Bg5 24. Qd3 Bxf4 25. Nxf4 Qe5 26. g3 Qe4 27. Qd2 Ne5 28. f3 Qc6 29. Nd5 Ng6 30. Bc2 Qc5+ 31. Kh1 Re5 32. c4 Rae8 33. h4 Re2 34. Qc3 Qc8 35. g4 Qd8 36. g5 Qc8 37. f4 Qg4 38. Bf5 Qg2# 0-1